 Dungeon Crawl Stone Soup version 0.25.0-8-gfd19cd77bd (webtiles) character file.

Game seed: 3991903271485153097

19770 mayonnaise the Cleaver (level 12, -10/92 HPs)
             Began as a Demonspawn Fighter on June 16, 2020.
             Was a High Priest of Uskayaw.
             Mangled by a two-headed ogre
             ... wielding a +0 giant club
              (15 damage)
             ... on level 1 of the Orcish Mines.
             The game lasted 00:39:32 (14274 turns).

mayonnaise the Cleaver (Demonspawn Fighter)        Turns: 14274, Time: 00:39:33

Health: -10/92     AC:  9    Str: 26    XL:     12   Next: 39%
Magic:  19/19      EV: 10    Int: 11    God:    Uskayaw [*****.]
Gold:   727        SH: 14    Dex: 13    Spells: 9/11 levels left

rFire    + . .     SeeInvis .   b - +6 broad axe (flame)
rCold    . . .     Gourm    .   c - +1 kite shield
rNeg     + . .     Faith    +   V - +0 troll leather armour
rPois    .         Spirit   .   j - +0 helmet
rElec    .         Reflect  .   n - +0 cloak
rCorr    .         Harm     .   u - +0 pair of gloves
MR       .....                  (boots unavailable)
Stlth    +.........             p - amulet of faith
HPRegen  0.65/turn              O - ring of positive energy
MPRegen  0.16/turn              J - +6 ring of strength

@: studying Shields
A: talons 3, icy blue scales 1, fire resistance 1, flame cloud immunity
a: Stomp, Line Pass, Grand Finale, Renounce Religion


You were on level 1 of the Orcish Mines.
You worshipped Uskayaw.
Uskayaw was aware of your devotion.
You were very hungry.

You visited 3 branches of the dungeon, and saw 13 of its levels.

You collected 727 gold pieces.

Inventory:

Hand Weapons
 b - a +6 broad axe of flaming (weapon)
 C - the +10 whip "Maschuack" {freeze, Stlth+}
   (You found it on level 5 of the Dungeon)

   It has been specially enchanted to freeze those struck by it, causing extra
   injury to most foes and up to half again as much damage against particularly
   susceptible opponents.
   It can also slow down cold-blooded creatures.
   It makes you more stealthy.
Missiles
 l - 16 poisoned darts (quivered)
 o - 5 javelins
 w - 10 boomerangs
 y - 14 datura-tipped darts
 P - 11 curare-tipped darts
 W - 5 boomerangs of dispersal
 Z - 2 throwing nets
Armour
 c - a +1 kite shield (worn)
 j - a +0 helmet (worn)
 n - a +0 cloak (worn)
 u - a +0 pair of gloves (worn)
 M - a +0 chain mail of fire resistance
 V - a +0 troll leather armour (worn)
Jewellery
 i - an uncursed ring of flight
 p - an amulet of faith (around neck)
 J - a +6 ring of strength (right hand)
 N - an uncursed amulet of regeneration
 O - a ring of positive energy (left hand)
Wands
 a - a wand of flame (17)
 E - a wand of paralysis (27)
 G - a wand of enslavement (5)
 S - a wand of iceblast (4)
Scrolls
 e - 8 scrolls of teleportation
 h - 8 scrolls of magic mapping
 q - 5 scrolls of remove curse
 r - a scroll of identify
 x - 2 scrolls of immolation
 Y - a scroll of blinking
Potions
 d - 3 potions of might
 g - 2 potions of lignification {unknown}
 k - 4 potions of flight
 m - a potion of haste {unknown}
 s - a potion of mutation {unknown}
 v - 2 potions of heal wounds
 I - 4 potions of curing
 K - a potion of resistance
 R - a potion of ambrosia {unknown}
 U - a potion of stabbing {unknown}
Books
 F - a manual of Shields
Comestibles
 f - 21 rations


   Skills:
 - Level 7.7 Fighting
 - Level 12.1(12.4) Axes
 - Level 4.2(9.1) Maces & Flails
   Level 0.5(2.7) Staves
 - Level 2.6 Armour
 + Level 12.0 Shields
 - Level 2.8 Translocations
 - Level 10.6 Invocations
 - Level 0.4 Evocations


You had 9 spell levels left.
You knew the following spells:

 Your Spells              Type           Power        Failure   Level  Hunger
a - Blink                 Tloc           N/A          28%         2    ###....

Your spell library contained the following spells:

 Spells                   Type           Power        Failure   Level  Hunger
 Beastly Appendage        Tmut           #.....       52%         1    ##.....
 Magic Dart               Conj           #...         52%         1    ##.....
 Call Imp                 Summ           #.......     65%         2    ###....
 Slow                     Hex            #.......     65%         2    ###....
 Sticks to Snakes         Tmut           #.......     65%         2    ###....
 Conjure Flame            Conj/Fire      #.......     87%         3    ####...
 Mephitic Cloud           Conj/Pois/Air  #.......     87%         3    ####...
 Spider Form              Tmut/Pois      #.........   87%         3    ####...
 Ice Form                 Ice/Tmut       #.......     99%         4    #####..
 Blade Hands              Tmut           #.........   100%        5    ######.


Dungeon Overview and Level Annotations

Branches:
Dungeon (11/15)            Temple (1/1) D:4            Lair (0/6) D:10
    Orc (1/2) D:10

Altars:
Ashenzari
Cheibriados
Dithmenos
Elyvilon
Fedhas
Gozag
Hepliaklqana
Kikubaaqudgha
Makhleb
Nemelex Xobeh
Okawaru
Qazlal
Ru
Sif Muna
Trog
Uskayaw
Vehumet
Wu Jian
Xom
Yredelemnul
Zin
The Shining One

Shops:
D:6 *


Innate Abilities, Weirdness & Mutations

You have claws for feet.
You are partially covered in icy blue scales. (AC +2)
Your flesh is heat resistant. (rF+)
You are immune to clouds of flame.


Message History

You slice the two-headed ogre!!
You kill the orc warrior!
You burn the two-headed ogre.
The two-headed ogre is heavily wounded.
You barely miss the warg.
The two-headed ogre is no longer sharing its pain.
You block the warg's attack.
You slash the two-headed ogre! You burn the two-headed ogre.
You claw the two-headed ogre.
The two-headed ogre is severely wounded.
You hit the warg. You burn the warg.
The ogre mage is no longer sharing its pain.
The warg is no longer sharing its pain.
The two-headed ogre closely misses you.
The two-headed ogre hits you with a +0 giant club!
* * * LOW HITPOINT WARNING * * *
You block the warg's attack.
The two-headed ogre hits you with a +0 giant club!
* * * LOW HITPOINT WARNING * * *
The two-headed ogre hits you with a +0 dire flail!
You die...

.... #. ...$
.##. g.g.. .....
### .....
..#..##$# ....
......... #..
......O.##.#.#
......O)O@..#
......)....#....
...............
................
#.$.............
................
.........#.....


You could see 3 two-headed ogres, an ogre mage, a warg, an orc wizard (pain
bonded) and 2 gnolls.

Vanquished Creatures
  Harold (D:11)
  4 two-headed ogres
  Sonja (D:10)
  Nergalle (D:10)
  An unseen horror (D:11)
  Pikel (D:7)
  An orc knight (D:10)
  2 orc sorcerers (Orc:1)
  An ugly thing (D:11)
  A manticore (D:11)
  Joseph (D:9)
  A gargoyle (D:11)
  A komodo dragon (D:10)
  A kobold demonologist (D:11)
  2 trolls
  A hornet (D:11)
  2 hippogriffs
  4 slime creatures (D:9)
  A vampire (D:11)
  3 wraiths (D:10)
  3 yaks (D:9)
  A human (D:7)
  A hungry ghost (D:11)
  4 hogs (D:7)
  2 water moccasins
  Duvessa (D:6)
  9 orc warriors
  A slave (D:7)
  3 black bears
  4 ice beasts
  2 sky beasts
  6 ogres
  6 phantoms
  3 centaurs
  4 big kobolds
  Blork the orc (D:6)
  4 bullfrogs
  Dowan (D:6)
  A gnoll sergeant (D:9)
  A wyvern skeleton (D:11)
  4 scorpions
  A water moccasin skeleton (D:4)
  5 killer bees
  3 wights (D:8)
  2 electric eels (D:10)
  5 howler monkeys
  The ghost of glosham the Insei, a weakling KoTm of Cheibriados (D:4)
  10 crimson imps
  A bullfrog zombie (D:9)
  2 centaur zombies
  3 quasits (D:9)
  4 bullfrog skeletons
  2 jellies
  5 hounds
  17 orc wizards
  15 orc priests
  4 centaur skeletons
  4 iguanas
  A gnoll shaman (D:4)
  7 worker ants
  2 hound skeletons
  3 howler monkey skeletons
  20 gnolls
  16 adders
  2 shadow imps (D:9)
  2 oozes
  4 worms
  15 leopard geckos
  69 orcs
  4 ball pythons
  4 giant cockroaches
  4 goblins
  2 hobgoblins
  19 jackals
  3 quokkas
  4 bats
  3 frilled lizards
  16 kobolds
  A leopard gecko skeleton (D:4)
  A quokka skeleton (D:10)
  A quokka zombie (D:9)
  5 rats
385 creatures vanquished.

Vanquished Creatures (others)
  A two-headed ogre (Orc:1)
  A slave (D:7)
  An orc wizard (D:10)
  4 plants
7 creatures vanquished.

Grand Total: 392 creatures vanquished

Notes
Turn   | Place    | Note
-------+----------+-------------------------------------------
     0 | D:1      | mayonnaise the Demonspawn Fighter began the quest for the
                  | Orb.
     0 | D:1      | Reached XP level 1. HP: 18/18 MP: 1/1
   331 | D:1      | Gained mutation: You have sharp toenails. [demonic
                  | ancestry]
   331 | D:1      | Reached XP level 2. HP: 24/24 MP: 2/2
  1072 | D:2      | Reached XP level 3. HP: 23/29 MP: 3/3
  1701 | D:2      | Reached XP level 4. HP: 5/35 MP: 4/4
  2273 | D:3      | Gained mutation: You are partially covered in icy blue
                  | scales. (AC +2) [demonic ancestry]
  2273 | D:3      | Reached XP level 5. HP: 34/41 MP: 5/5
  2297 | D:3      | Reached skill level 5 in Axes
  2846 | D:3      | Found a blossoming altar of Fedhas.
  2852 | D:3      | Found a white marble altar of Elyvilon.
  3038 | D:4      | Found a staircase to the Ecumenical Temple.
  3046 | Temple   | Entered the Ecumenical Temple
  3063 | Temple   | Became a worshipper of Uskayaw the Reveler
  3100 | D:4      | Reached * piety under Uskayaw
  3124 | D:4      | Reached ** piety under Uskayaw
  3126 | D:4      | Gained mutation: Your flesh is heat resistant. (rF+)
                  | [demonic ancestry]
  3126 | D:4      | Reached XP level 6. HP: 47/47 MP: 6/6
  3127 | D:4      | Reached *** piety under Uskayaw
  3132 | D:4      | Reached **** piety under Uskayaw
  3161 | D:5      | Entered Level 5 of the Dungeon
  3738 | D:4      | Reached skill level 5 in Shields
  3738 | D:4      | Reached XP level 7. HP: 30/52 MP: 7/7
  4113 | D:4      | Found a sparkling altar of Nemelex Xobeh.
  4303 | D:4      | Found a transporter.
  4309 | D:4      | Identified the +7 halberd "Hydrabane" {venom, +Blink Str+2}
  4361 | D:4      | Found a transporter.
  4507 | D:5      | You fall into a shaft and drop 1 floor!
  5088 | D:5      | Found a glowing golden altar of the Shining One.
  5226 | D:5      | Gained mutation: You are immune to clouds of flame.
                  | [demonic ancestry]
  5226 | D:5      | Reached XP level 8. HP: 47/58 MP: 8/8
  5477 | D:5      | Got an encrusted whip
  5478 | D:5      | Identified the +10 whip "Maschuack" {freeze, Stlth+} (You
                  | found it on level 5 of the Dungeon)
  5882 | D:6      | Found Zin's Purification Station.
  5882 | D:6      | Found a glowing silver altar of Zin.
  5917 | D:6      | Reached skill level 1 in Maces & Flails
  6149 | D:6      | Noticed Blork the orc
  6161 | D:6      | Killed Blork the orc
  6254 | D:6      | Noticed Duvessa
  6254 | D:6      | Noticed Dowan
  6264 | D:6      | Killed Duvessa
  6264 | D:6      | Reached skill level 5 in Fighting
  6264 | D:6      | Gained mutation: You have razor-sharp toenails. [demonic
                  | ancestry]
  6264 | D:6      | Reached XP level 9. HP: 68/68 MP: 9/9
  6266 | D:6      | Killed Dowan
  6628 | D:4      | Noticed glosham's ghost (weakling KoTm)
  6638 | D:4      | Killed glosham's ghost
  7134 | D:7      | Reached ***** piety under Uskayaw
  7672 | D:7      | Reached skill level 10 in Shields
  7818 | D:7      | Noticed Pikel
  7840 | D:7      | Killed Pikel
  7840 | D:7      | Gained mutation: You have claws for feet. [demonic
                  | ancestry]
  7840 | D:7      | Reached XP level 10. HP: 76/76 MP: 9/13
  8343 | D:7      | Reached skill level 5 in Invocations
  8417 | D:7      | Learned a level 2 spell: Blink
  8773 | D:8      | Reached skill level 1 in Translocations
  9422 | D:9      | Noticed Joseph
  9450 | D:9      | Killed Joseph
  9470 | D:9      | Got a shimmering quarterstaff
  9539 | D:9      | Found a shattered altar of Ashenzari.
  9630 | D:9      | Reached ****** piety under Uskayaw
  9846 | D:9      | Reached skill level 10 in Invocations
  9952 | D:9      | Noticed a two-headed ogre
  9965 | D:9      | HP: 2/76 [two-headed ogre/+0 giant spiked club (12)]
 10577 | D:9      | Reached XP level 11. HP: 80/83 MP: 18/18
 10867 | D:9      | Killed a two-headed ogre
 10917 | D:10     | Entered Level 10 of the Dungeon
 10917 | D:10     | Noticed a two-headed ogre
 10925 | D:10     | Killed a two-headed ogre
 11086 | D:10     | Found a staircase to the Lair.
 11323 | D:10     | Noticed Sonja
 11336 | D:10     | Killed Sonja
 11646 | D:10     | Noticed an orc knight
 12171 | D:10     | Killed an orc knight
 12189 | D:10     | Reached skill level 10 in Axes
 12345 | D:10     | Found a staircase to the Orcish Mines.
 12602 | D:10     | Identified a scroll of acquirement
 12714 | D:11     | Noticed Nergalle
 12728 | D:10     | Killed Nergalle
 12810 | D:11     | Noticed a two-headed ogre
 12964 | D:10     | Killed a two-headed ogre
 13067 | D:11     | Noticed a purple ugly thing
 13333 | D:11     | Killed an unseen horror
 13333 | D:11     | Reached XP level 12. HP: 44/92 MP: 19/19
 13497 | D:11     | Noticed Harold
 13509 | D:11     | Killed Harold
 13925 | D:11     | Paralysed by a hornet for 2 turns
 14261 | Orc:1    | Entered Level 1 of the Orcish Mines
 14261 | Orc:1    | Noticed a two-headed ogre
 14261 | Orc:1    | Noticed a two-headed ogre
 14261 | Orc:1    | Noticed a two-headed ogre
 14263 | Orc:1    | Noticed a two-headed ogre
 14264 | Orc:1    | Noticed a two-headed ogre
 14266 | Orc:1    | Noticed an ogre mage
 14270 | Orc:1    | Killed a two-headed ogre
 14274 | Orc:1    | Mangled by a two-headed ogre

Illustrated notes

Levels and vault maps discovered:
D:1:      matt_arrival_grand_opening, layout_loops_ring,
          wander_ebering_terrifying_dragon_lair
D:2:      layout_basic
D:3:      cheibrodos_old_hovel, layout_rooms, minitemple
D:4:      layout_rooms, nemelex_altar_shiori,
          minmay_temple_entry_drinking_statues, gammafunk_ghost_gnarly_gnolls
D:5:      wander_river, layout_loops_ring, nicolae_tso_carved_into_rock,
          first_ration
D:6:      layout_rooms, zin_purify, uniq_blork_the_orc, uniq_duvessa
D:7:      layout_layer_cave, grunt_livestock, uniq_pikel
D:8:      layout_loops_ring, minmay_misc_feat_five, nicolae_water_bricks
D:9:      minmay_four_partial_circles, layout_small_grid, ashenzari_altar_1,
          st_stairs_3, minmay_sticks_and_stones, uniq_joseph
D:10:     layout_long_grid, david_lair_shrubbed, erik_orc_2, uniq_sonja
D:11:     layout_long_grid, uniq_harold, uniq_nergalle
Temple:   lightli_temple_of_artemis
Orc:1:    layout_caves, portal_ice_cave_demonic_guard

Skill      XL: |  1  2  3  4  5  6  7  8  9 10 11 12 |
---------------+-------------------------------------+-----
Axes           | 2 3 4 5 7 11 12 | 12.1
Shields        | 3 5 10 12 | 12.0
Fighting       | 5 6 7 |  7.7
Maces & Flails | 4 |  4.2
Invocations    | 4 10 | 10.6
Translocations | 2 |  2.8
Staves         | |  0.5
Armour         | |  2.6
Evocations     | |  0.4

Action                   |  1- 3 |  4- 6 |  7- 9 | 10-12 || total
-------------------------+-------+-------+-------+-------++-------
Melee: War axe           |    35 |    22 |    39 |       ||    96
       Hand axe          |    74 |   200 |   144 |       ||   418
       Kick              |    20 |    55 |   108 |   151 ||   334
       Whip              |       |       |   161 |   389 ||   550
       Broad axe         |       |       |       |    91 ||    91
Throw: Boomerang         |       |       |     2 |     1 ||     3
       Dart              |       |       |       |    18 ||    18
       Javelin           |       |       |       |     5 ||     5
Invok: Line Pass         |       |       |     1 |     1 ||     2
       Stomp             |       |       |       |     2 ||     2
 Abil: Evoke Flight      |       |       |       |     4 ||     4
Evoke: Wand              |       |       |     3 |     7 ||    10
  Use: Scroll            |       |       |    13 |    12 ||    25
       Potion            |       |       |       |     1 ||     1
 Stab: Paralysed         |       |     3 |    13 |    45 ||    61
  Eat: Chunk             |     2 |     7 |    11 |    21 ||    41
       Ration            |       |       |     1 |       ||     1
Armor: Scale mail        |    76 |   164 |   119 |    73 ||   432
       Troll leather arm |       |       |       |    34 ||    34
Dodge: Dodged            |    52 |   109 |    79 |   119 ||   359
Block: Kite shield       |       |       |   132 |   294 ||   426
